 Seeded DCSS version 0.30.0-19-g36f170ea60 (webtiles) character file.

Game seed: 6351066067085065685 (custom seed)

6995 Esekla the Thaumaturge (level 10, -4/54 HPs)
             Began as a Deep Elf Necromancer on May 28, 2023.
             Was an Elder of Vehumet.
             Slain by Harold
             ... wielding a +0 battleaxe
              (14 damage)
             ... on level 9 of the Dungeon.
             The game lasted 01:13:41 (10962 turns).

Esekla the Thaumaturge (Deep Elf Necromancer)      Turns: 10962, Time: 01:13:41

Health: -4/54      AC:  9    Str:  5    XL:     10   Next: 82%
Magic:  33/36      EV: 16    Int: 25    God:    Vehumet [****..]
Gold:   573        SH:  0    Dex: 15    Spells: 20/31 levels left

rFire   . . .        s - +2 dagger (vamp)
rCold   . . .        (no shield)
rNeg    . . .        G - +0 steam dragon scales
rPois   .            K - +1 helmet
rElec   .            C - +0 cloak
rCorr   .            x - +0 pair of gloves
SInv    .            (no boots)
Will    +....        w - amulet of magic regeneration
Stlth   +++          L - ring of magical power
HPRegen 0.29/turn    (no ring)
MPRegen 0.65/turn

%: no passive effects
@: studying Fighting
A: no striking features
a: Renounce Religion


You were on level 9 of the Dungeon.
You worshipped Vehumet.
Vehumet was greatly pleased with you.
You visited 1 branch of the dungeon, and saw 9 of its levels.
You also visited: Bailey.

You collected 573 gold pieces.

Inventory:

Hand Weapons
 a - a +4 scimitar
 r - a +4 trident of venom
 s - a +2 vampiric dagger (weapon)
 M - the +2 bardiche of Puhoisos {heavy, rElec Stlth+}
   (You found it in a bailey)

   rElec:     It insulates you from electricity.
   Stlth:     It makes you more stealthy.
Missiles
 n - 28 poisoned darts
 z - 4 throwing nets
 J - 3 boomerangs (quivered)
 O - a curare-tipped dart
Armour
 x - a +0 pair of gloves (worn)
 C - a +0 cloak (worn)
 G - +0 steam dragon scales (worn)
 H - a +0 buckler
 K - a +1 helmet (worn)
Jewellery
 w - an amulet of magic regeneration (around neck)
 L - a ring of magical power (left hand)
Wands
 i - a wand of roots (17)
 A - a wand of flame (9)
 E - a wand of mindburst (9)
Scrolls
 e - 3 scrolls of fear
 f - a scroll of magic mapping
 m - 2 scrolls of fog
 o - 5 scrolls of blinking
 p - a scroll of enchant armour
 q - a scroll of amnesia
 t - 3 scrolls of enchant weapon {unknown}
 v - a scroll of torment {unknown}
 y - a scroll of silence
 B - 2 scrolls of teleportation
 D - 2 scrolls of poison {unknown}
 F - 3 scrolls of noise {unknown}
 I - 2 scrolls of identify
 N - a scroll of acquirement
Potions
 b - a potion of magic
 c - a potion of lignification {unknown}
 d - 3 potions of ambrosia {unknown}
 g - 6 potions of attraction {unknown}
 h - 4 potions of haste {unknown}
 j - 5 potions of curing
 k - 2 potions of heal wounds {unknown}
 l - 3 potions of brilliance {unknown}
 u - a potion of mutation {unknown}


   Skills:
 * Level 2.4 Fighting
 + Level 3.5(4.1) Short Blades
 + Level 3.0(3.6) Long Blades
 + Level 2.4 Throwing
 * Level 7.9 Dodging
 + Level 5.1 Stealth
 * Level 11.2 Spellcasting
 * Level 4.2 Conjurations
 + Level 9.2 Necromancy
 + Level 4.7 Translocations
 * Level 3.8 Air Magic
 * Level 4.0 Poison Magic
 + Level 0.2 Evocations


You had 20 spell levels left.
You knew the following spells:

 Your Spells              Type           Power      Damage    Failure   Level
c - Mephitic Cloud        Conj/Pois/Air  34%        N/A       1%          3
d - Vampiric Draining     Necr           57%        2d10      1%          3
e - Static Discharge      Conj/Air       68%        2-5/arc   1%          2
t - Teleport Other        Tloc           37%        N/A       1%          3

Your spell library contained the following spells:

 Spells                   Type           Power      Damage    Failure   Level
 Fulminant Prism          Conj/Hex       12%        3d9       5%          4
 Necrotise                Necr           100%       1d9       1%          1
 Lesser Beckoning         Tloc           74%        N/A       1%          2
 Gell's Gravitas          Tloc           37%        N/A       1%          3
 Animate Dead             Necr           57%        N/A       1%          4
 Agony                    Necr           57%        N/A       2%          5
 Spider Form              Tmut/Pois      24%        N/A       6%          3
 Cause Fear               Hex            7%         N/A       41%         4
 Summon Mana Viper        Hex/Summ       14%        N/A       77%         5


Dungeon Overview and Level Annotations

Branches:
Dungeon (9/15)             Temple (0/1) D:6          Bailey (visited)
   Lair: D:8-11         Orc: D:9-12

Altars:
Dithmenos
Fedhas
Hepliaklqana
Okawaru
Qazlal
Trog
Uskayaw
Vehumet
Zin
The Shining One

Shops:
D:2 =   D:4 (

Annotations:
D:6 wight
D:8 2 transporters
D:9 Harold


Message History

Harold zaps a wand.
The roots erupt in riotous growth!
The grasping roots grab you! The grasping roots constrict you!
Casting: Vampiric Draining (safe; 1% risk of failure)
Confirm with . or Enter, or press ? or * to list all spells.
Aiming: Mephitic Cloud (safe; 1% risk of failure)
Press: ? - help, Shift-Dir - straight line, f - Harold
Aim: Harold, wielding a +0 battleaxe, wearing a +0 chain mail, quivering 2 throwing nets and carrying a wand of roots (6) (heavily wounded, chance to affect: 58%)
The ball explodes into a vile cloud!
The stinking cloud engulfs Harold but does no damage.
Harold is heavily wounded.
Harold is engulfed in noxious fumes.
Harold appears confused.
The grasping roots constrict you.
You escape the roots grasp.
Harold is engulfed in noxious fumes.
Harold appears confused.
You feel a sense of dread.
s - a +2 vampiric dagger (weapon)
Harold barely misses you.
You hit Harold but do no damage.
Harold is heavily wounded.
Harold hits you with a +0 battleaxe.
You catch the helpless Harold completely off-guard!
You puncture Harold!
You feel better.
Harold is severely wounded.
You completely miss Harold.
Harold is severely wounded.
Harold hits you with a +0 battleaxe!!
* * * LOW HITPOINT WARNING * * *
You hit Harold but do no damage.
Harold is severely wounded.
Harold hits you with a +0 battleaxe!
* * * LOW HITPOINT WARNING * * *
Casting: Mephitic Cloud (safe; 1% risk of failure)
Confirm with . or Enter, or press ? or * to list all spells.
Aiming: Vampiric Draining (safe; 1% risk of failure)
Press: ? - help, Shift-Dir - straight line, f/p - Harold
Aim: Harold, wielding a +0 battleaxe, wearing a +0 chain mail, quivering 2 throwing nets and carrying a wand of roots (6) (severely wounded, confused)
You draw life force from Harold!
You feel life coursing into your body. Harold hits you with a +0 battleaxe!
You die...

#... ...
..###### ......#
#.....# .
#.....# ...
#..@..# ....
#..@..#
....######.....#
....[..........#
...............#
####...........#
#..........?#
#...........#
#....########
##....#


You could see Harold (confused).

Vanquished Creatures
  2 two-headed ogres
  Pikel (D:6)
  2 orc knights (Bailey)
  Joseph (D:7)
  2 steam dragons
  2 wyverns
  Menkaure (D:7)
  An ice beast (D:6)
  A sky beast (D:6)
  7 orc warriors (Bailey)
  2 black bears
  2 ogres
  A centaur (D:7)
  A phantom (D:7)
  Blork the orc (D:6)
  3 kobold brigands
  3 gnoll sergeants
  A bullfrog (D:7)
  2 scorpions (D:5)
  A wight (D:7)
  5 killer bees (D:9)
  2 quasits (D:8)
  2 gnoll boudas
  6 hounds
  A jelly (D:6)
  Crazy Yiuf (D:7)
  4 orc priests (D:8)
  A sleepcap (D:5)
  5 iguanas
  6 orc wizards
  27 gnolls
  8 adders
  3 shadow imps (D:8)
  6 white imps
  4 ufetubi
  A worm (D:4)
  3 dart slugs
  47 orcs
  6 ball pythons
  4 bats
  4 endoplasms
  8 goblins
  7 hobgoblins
  A quokka (D:1)
  4 frilled lizards
  14 kobolds
  A rat (D:2)
218 creatures vanquished.

Notes
Turn   | Place    | Note
-------+----------+-------------------------------------------
     0 | D:1      | Esekla the Deep Elf Necromancer began the quest for the
                  | Orb.
     0 | D:1      | Reached XP level 1. HP: 10/10 MP: 6/6
    88 | D:1      | Reached skill level 5 in Necromancy
   289 | D:1      | Reached XP level 2. HP: 15/15 MP: 8/8
   603 | D:2      | Found Renulab's Jewellery Shop.
   807 | D:4      | Found a radiant altar of Vehumet.
   811 | D:4      | Became a worshipper of Vehumet
  1232 | D:1      | Reached XP level 3. HP: 6/20 MP: 9/9
  1237 | D:1      | Learned a level 3 spell: Vampiric Draining
  1373 | D:2      | Noticed a black bear
  1389 | D:2      | Reached skill level 1 in Short Blades
  1484 | D:2      | Found a faded altar of an unknown god.
  1543 | D:1      | Reached XP level 4. HP: 15/24 MP: 0/11
  1932 | D:2      | Killed a black bear
  1933 | D:2      | Reached skill level 4 in Spellcasting
  1933 | D:2      | Reached skill level 1 in Translocations
  1933 | D:2      | Reached XP level 5. HP: 22/28 MP: 2/13
  2204 | D:3      | Found a stormy altar of Qazlal.
  2208 | D:3      | Found a bloodstained altar of Trog.
  2235 | D:3      | Reached * piety under Vehumet
  2235 | D:3      | Offered knowledge of Sandblast by Vehumet.
  2236 | D:3      | Found a hazy altar of Hepliaklqana.
  2243 | D:3      | Learned a level 3 spell: Teleport Other
  2617 | D:3      | Identified the +5 rapier of the Hero {heavy, rN+ Dex+3}
  3025 | D:4      | Found Ponaysk's Antique Weapon Boutique.
  3357 | D:4      | Reached XP level 6. HP: 33/33 MP: 14/14
  3805 | D:4      | Found a glowing golden altar of the Shining One.
  3823 | D:4      | Found a glowing silver altar of Zin.
  3835 | D:4      | Found an iron altar of Okawaru.
  3884 | D:5      | Entered Level 5 of the Dungeon
  3962 | D:5      | Reached skill level 1 in Fighting
  3976 | D:5      | Reached skill level 5 in Spellcasting
  4153 | D:5      | Reached XP level 7. HP: 32/38 MP: 13/17
  4224 | D:5      | Got the Parchment of the Lumpy Olives
  4280 | D:5      | Found a shadowy altar of Dithmenos.
  4432 | D:5      | Offered knowledge of Static Discharge by Vehumet.
  4436 | D:5      | Learned a level 2 spell: Static Discharge
  4502 | D:5      | Reached ** piety under Vehumet
  4811 | D:5      | Reached skill level 6 in Spellcasting
  5038 | D:6      | Found a staircase to the Ecumenical Temple.
  5046 | D:6      | Noticed Pikel
  5590 | D:6      | Reached XP level 8. HP: 40/43 MP: 12/20
  5598 | D:6      | Reached skill level 1 in Throwing
  5598 | D:6      | Reached skill level 5 in Dodging
  5598 | D:6      | Reached skill level 7 in Spellcasting
  5603 | D:6      | Found a blossoming altar of Fedhas.
  5778 | D:6      | Killed Pikel
  5779 | D:6      | Reached skill level 8 in Spellcasting
  6164 | D:6      | Noticed Blork the orc
  6181 | D:6      | Killed Blork the orc
  6335 | D:7      | Found a runed translucent door.
  6336 | D:7      | Noticed Crazy Yiuf
  6346 | D:7      | Killed Crazy Yiuf
  6494 | D:7      | Noticed Menkaure
  6632 | D:7      | Reached XP level 9. HP: 48/48 MP: 23/23
  6819 | D:7      | Reached skill level 9 in Spellcasting
  7070 | D:8      | Offered knowledge of Mephitic Cloud by Vehumet.
  7082 | D:7      | Learned a level 3 spell: Mephitic Cloud
  7127 | D:7      | Noticed Joseph
  7818 | D:8      | Reached skill level 1 in Poison Magic
  7845 | D:8      | Noticed a two-headed ogre
  8432 | D:8      | Reached skill level 1 in Conjurations
  8459 | D:8      | Reached *** piety under Vehumet
  8481 | D:8      | Reached skill level 5 in Stealth
  8526 | D:7      | Killed Menkaure
  8527 | D:7      | Reached skill level 1 in Air Magic
  8729 | D:7      | Killed Joseph
  8730 | D:7      | Reached skill level 1 in Long Blades
  8928 | D:8      | Offered knowledge of Volatile Blastmotes by Vehumet.
  9084 | D:8      | Reached skill level 10 in Spellcasting
  9277 | D:8      | Found a hide-covered altar of Uskayaw.
  9302 | D:8      | Killed a two-headed ogre
  9303 | D:8      | Reached XP level 10. HP: 53/53 MP: 26/26
  9347 | D:8      | Found a transporter.
  9349 | D:8      | Found a transporter.
  9351 | D:8      | Found a transporter.
  9352 | D:8      | Found a transporter.
  9541 | D:8      | Reached **** piety under Vehumet
  9701 | D:9      | Found a flagged portal.
  9801 | D:9      | Noticed a two-headed ogre
  9806 | D:9      | Killed a two-headed ogre
  9858 | D:9      | Offered knowledge of Fulminant Prism by Vehumet.
 10002 | Bailey   | Entered a bailey
 10392 | Bailey   | Identified the +2 bardiche of Puhoisos {heavy, rElec
                  | Stlth+}
 10395 | Bailey   | Noticed an orc knight
 10395 | Bailey   | Noticed an orc knight
 10450 | Bailey   | Killed an orc knight
 10560 | Bailey   | Killed an orc knight
 10561 | Bailey   | Reached skill level 11 in Spellcasting
 10943 | D:9      | Noticed Harold
 10962 | D:9      | Slain by Harold

Illustrated notes

Levels and vault maps discovered:
D:1:      sevenhm_arrival_forest_fort_small_3, layout_rooms,
          chequers_serial_rivers_room_b, minmay_misc_feat_five
D:2:      layout_loops_ring, dreamdust_ecumenical_altar_angels_and_demons,
          serial_shops, shop
D:3:      layout_basic, grunt_temple_overflow_open, minmay_misc_feat_iff
D:4:      layout_basic, nicolae_overflow_quartered_altars, serial_shops,
          nicolae_diamond_shop
D:5:      layout_loops_ring, lemuel_doored_altar, minmay_misc_feat_rows,
          dreamdust_wishing_well
D:6:      layout_loops_cross, fedhas_altar_fruit_tree,
          minmay_temple_entry_glass, uniq_pikel, uniq_blork_the_orc
D:7:      layout_basic, uniq_menkaure, uniq_joseph, uniq_crazy_yiuf_cottage
D:8:      layout_basic, nicolae_uskayaw_dance_hall, serial_demonic,
          serial_demonic_d, serial_demonic_a, serial_demonic_c,
          serial_demonic_c, nicolae_diode_quadrants
D:9:      layout_irregular_city, kennysheep_little_box, enter_bailey_4,
          minmay_between, uniq_harold

Skill      XL: |  1  2  3  4  5  6  7  8  9 10 |
---------------+-------------------------------+-----
Necromancy     | 5 6 7 8 9 |  9.2
Short Blades   | 1 2 3 |  3.5
Dodging        | 3 4 6 7 |  7.9
Stealth        | 3 4 5 |  5.1
Spellcasting   | 4 5 6 8 10 11 | 11.2
Translocations | 1 2 3 4 |  4.7
Fighting       | 1 2 |  2.4
Throwing       | 1 2 |  2.4
Poison Magic   | 3 4 |  4.0
Conjurations   | 2 4 |  4.2
Air Magic      | 2 3 |  3.8
Long Blades    | 2 3 |  3.0
Evocations     | |  0.2

Action                     |  1- 3 |  4- 6 |  7- 9 | 10-12 || total
---------------------------+-------+-------+-------+-------++-------
  Melee: Short sword       |    36 |       |       |       ||    36
         Unarmed           |     9 |       |       |       ||     9
         Punch             |     2 |       |     8 |     2 ||    12
         Dagger            |    48 |    81 |   277 |    14 ||   420
         Rapier            |       |    23 |       |       ||    23
         Scimitar          |       |       |   111 |    81 ||   192
  Throw: Dart              |       |     3 |    31 |    17 ||    51
         Boomerang         |       |       |       |     4 ||     4
   Cast: Vampiric Draining |     6 |    28 |    67 |    53 ||   154
         Teleport Other    |       |       |     5 |       ||     5
         Mephitic Cloud    |       |       |    10 |    11 ||    21
         Static Discharge  |       |       |     3 |       ||     3
  Evoke: Wand              |       |     2 |     7 |       ||     9
    Use: Scroll            |       |     5 |     5 |       ||    10
         Potion            |       |       |       |     2 ||     2
   Stab: Sleeping          |     3 |     8 |     9 |     3 ||    23
         Distracted        |       |       |     4 |       ||     4
         Confused          |       |       |     2 |     3 ||     5
 Armour: Robe              |    22 |    17 |    54 |       ||    93
         Steam dragon scal |       |       |    65 |    52 ||   117
  Dodge: Dodged            |    60 |    81 |   335 |   168 ||   644
